 Dungeon Crawl Stone Soup version 0.21.1-1-g345015fe64 (webtiles) character file.

18521 Lorindel the Insei (level 12, -11/127 HPs)
             Began as a Demigod Transmuter on Apr 12, 2018.
             Mangled by a yak (13 damage)
             ... on level 6 of the Lair of Beasts on Apr 23, 2018.
             The game lasted 01:12:33 (13217 turns).

Lorindel the Insei (Demigod Transmuter)            Turns: 13217, Time: 01:12:34

Health: -11/127    AC: 13    Str: 26    XL:     12   Next: 2%
Magic:  0/25       EV: 20    Int: 19    God:
Gold:   902        SH:  0    Dex: 20    Spells: 2/23 levels left

rFire    + . .     SeeInvis .     - Unarmed
rCold    + + .     Gourm    .   (shield currently unavailable)
rNeg     . . .     Faith    .   (armour currently unavailable)
rPois    +         Spirit   +   (helmet currently unavailable)
rElec    .         Reflect  .   (cloak currently unavailable)
rCorr    .         Harm     .   (gloves currently unavailable)
MR       +....                  (boots currently unavailable)
Stlth    ++++......             j - amulet of guardian spirit
HPRegen  0.31/turn              D - ring of Discretion {Fire Str+5 Dex-3}
MPRegen  0.19/turn              F - ring "Verghieh" {*Contam +Inv rPois rF+}

@: agile, icy armour, ice-form (expiring), hasted, very quick
A: large, high mp 1, robust 1, strong 2
a: End Transformation, Evoke Invisibility


You were on level 6 of the Lair of Beasts.
You were not hungry.
You were a creature of crystalline ice.
You visited 2 branches of the dungeon, and saw 13 of its levels.

You collected 902 gold pieces.

Inventory:

Hand Weapons
 k - the +8 dagger of Unpleasantness (melded) {pierce, MR+ Int+4}
   (You found it on level 4 of the Dungeon)

   It inflicts extra damage upon your enemies.
   It affects your intelligence (+4).
   It affects your resistance to hostile enchantments.
Missiles
 a - 198 arrows
 q - 276 stones (quivered)
Armour
 g - the +2 robe of Nuis Womn (melded) {rF+ Str-3 Dex+6}
   (You found it on level 4 of the Dungeon)

   It affects your strength (-3).
   It affects your dexterity (+6).
   It protects you from fire.
 u - a +1 pair of gloves (melded)
Jewellery
 i - an uncursed ring of poison resistance
 j - an amulet of guardian spirit (around neck)
 n - a +1 ring of protection
 p - a +3 amulet of reflection
 r - a +4 ring of strength
 s - an uncursed ring of protection from fire
 t - a +2 ring of strength
 D - the ring of Discretion (left front paw) {Fire Str+5 Dex-3}
   (You found it on level 7 of the Dungeon)

   [ring of fire]

   It enhances your fire magic.
   It affects your strength (+5).
   It affects your dexterity (-3).
   It protects you from fire.
   It makes you vulnerable to cold.
 F - the ring "Verghieh" (right front paw) {*Contam +Inv rPois rF+}
   (You found it on level 7 of the Dungeon)

   [ring of protection from fire]

   It protects you from fire.
   It protects you from poison.
   It lets you turn invisible.
   It causes magical contamination when unequipped.
Wands
 h - a wand of random effects (22)
 v - a wand of acid (9)
 z - a wand of polymorph (16)
 A - a wand of enslavement (20)
 G - a wand of paralysis (29)
 H - a wand of digging (35)
 I - a wand of iceblast (10)
 M - a wand of flame (11)
Scrolls
 f - 4 scrolls of remove curse
 y - a scroll of enchant weapon
 C - 4 scrolls of identify
 J - a scroll of fog
 K - 3 scrolls of magic mapping
Potions
 b - 2 potions of mutation
 e - a potion of cancellation
 B - a potion of agility
 E - 2 potions of lignification
Books
 c - a book of Changes

   Spells                             Type                      Level
   a - Beastly Appendage              Transmutation                1
   b - Sticks to Snakes               Transmutation                2
   c - Spider Form                    Transmutation/Poison         3
   d - Ice Form                       Ice/Transmutation            4
   e - Blade Hands                    Transmutation                5
 l - a book of Frost

   Spells                             Type                      Level
   a - Freeze                         Ice                          1
   b - Throw Frost                    Conjuration/Ice              2
   c - Ozocubu's Armour               Charms/Ice                   3
   d - Throw Icicle                   Conjuration/Ice              4
   e - Summon Ice Beast               Ice/Summoning                4
 x - a Grand Grimoire

   Spells                             Type                      Level
   a - Monstrous Menagerie            Summoning                    7
   b - Summon Greater Demon           Summoning                    7
   c - Malign Gateway                 Summoning/Translocation      7
   d - Summon Horrible Things         Summoning                    8
Miscellaneous
 O - a phantom mirror
Comestibles
 d - 13 rations


   Skills:
 * Level 6.7 Fighting
 + Level 4.0 Short Blades
 * Level 7.0 Dodging
 + Level 5.0 Stealth
 * Level 7.2 Unarmed Combat
 * Level 6.3 Spellcasting
 * Level 3.2 Conjurations
 + Level 2.4 Charms
 * Level 2.0 Summonings
 * Level 6.7 Transmutations
 * Level 4.9 Ice Magic
   Level 5.0 Poison Magic
 + Level 3.6 Evocations


You had 2 spell levels left.
You knew the following spells:

 Your Spells              Type           Power        Failure   Level  Hunger
a - Beastly Appendage     Tmut           ####..       1%          1    None
b - Summon Ice Beast      Ice/Summ       ###.....     26%         4    ####...
c - Throw Icicle          Conj/Ice       ###.....     21%         4    ####...
d - Ice Form              Ice/Tmut       ####....     10%         4    ####...
e - Blade Hands           Tmut           ####......   19%         5    #####..
f - Ozocubu's Armour      Chrm/Ice       ###.....     7%          3    ##.....


Dungeon Overview and Level Annotations

Branches:
Dungeon (8/15)             Temple (0/1) D:4            Lair (4/6) D:8
  Swamp (0/4) Lair:3       Spider (0/4) Lair:3


Innate Abilities, Weirdness & Mutations

You have an increased reservoir of magic. (+10% MP)
You are robust. (+10% HP)
Your muscles are very strong. (Str +4)


Message History

The wolf closely misses you. The yak closely misses you. x2
You closely miss the wolf.
The wolf is heavily wounded.
The wolf closely misses you.
You barely miss the wolf.
The wolf is heavily wounded.
The wolf barely misses you. The yak closely misses you.
The yak barely misses you.
You barely miss the wolf.
The wolf is heavily wounded.
The wolf barely misses you.
Okay, then.
Okay, then.
Evoke which item? (* to show all) (? for menu, Esc to quit)
Okay, then.
You punch the wolf! You freeze the wolf.
You kill the wolf!
Your Summonings skill increases to level 2!
The yak misses you. The yak gores you!
You die...

......########
....#...#..#.#
....#.......##
#...#.#....##
##...h.......#
#....Y#......#
#..YYY##....P#
#.YYYY#####..#


#.hYYY# ..# ####### P# # You could see 10 yaks and 2 wolves.

Vanquished Creatures
  Erica (D:8)
  Nergalle (Lair:3)
  A swamp dragon (Lair:3)
  2 black mambas
  8 spiny frogs
  5 komodo dragons
  A hippogriff (D:7)
  A dream sheep (Lair:6)
  The ghost of dengdeng the Slasher, an amateur MiBe of Trog (D:3)
  2 basilisks
  20 yaks
  A hungry ghost (D:5)
  10 water moccasins
  An orc warrior (D:7)
  11 porcupines
  4 necrophages (D:8)
  An ice beast (D:6)
  4 black bears
  An eye of draining (D:8)
  A phantom (D:7)
  6 wolves
  2 ogres
  2 centaurs
  12 crocodiles
  3 big kobolds (D:7)
  7 bullfrogs
  A scorpion (D:8)
  8 wights
  5 killer bees (D:8)
  An electric eel (Lair:3)
  A vampire bat (D:4)
  A howler monkey (D:4)
  4 crimson imps
  3 jellies
  4 orc priests
  A bullfrog zombie (D:8)
  A centaur zombie (D:7)
  2 hounds
  8 orc wizards
  A bullfrog skeleton (D:6)
  5 iguanas
  6 worker ants
  A hound zombie (D:8)
  A mummy (D:8)
  Robin (D:4)
  A howler monkey zombie (D:8)
  2 worker ant zombies
  4 adders
  4 oozes
  An adder zombie (D:8)
  2 adder skeletons
  5 dart slugs
  5 leopard geckos
  32 orcs
  10 bats
  6 giant cockroaches
  21 goblins
  9 hobgoblins
  14 jackals
  4 quokkas
  3 ball pythons
  4 frilled lizards
  16 kobolds
  9 rats
316 creatures vanquished.

Vanquished Creatures (collateral kills)
  Harold (Lair:2)
  A hydra (Lair:3)
  A wolf (Lair:6)
  An adder (D:3)
  A giant cockroach (D:2)
  2 goblins
  3 jackals (D:3)
  A bat (D:2)
11 creatures vanquished.

Vanquished Creatures (others)
  5 fungi
  3 plants (Lair:6)
8 creatures vanquished.

Grand Total: 335 creatures vanquished

Notes
Turn   | Place    | Note
-------+----------+-------------------------------------------
     0 | D:1      | Lorindel the Demigod Transmuter began the quest for the Orb.
     0 | D:1      | Reached XP level 1. HP: 15/15 MP: 5/5
   253 | D:1      | Reached skill level 1 in Fighting
   507 | D:1      | Reached XP level 2. HP: 21/23 MP: 5/7
   511 | D:1      | Learned a level 2 spell: Sticks to Snakes
   973 | D:2      | Found a white marble altar of Elyvilon.
  1130 | D:2      | Reached XP level 3. HP: 23/28 MP: 6/8
  1142 | D:2      | Learned a level 3 spell: Spider Form
  1350 | D:2      | Reached skill level 1 in Stealth
  1435 | D:2      | Found a sacrificial altar of Ru.
  1848 | D:3      | Gained mutation: Your muscles are strong. (Str +2) [potion of mutation]
  1848 | D:3      | Gained mutation: Your muscles are very strong. (Str +4) [potion of mutation]
  1848 | D:3      | Gained mutation: You are robust. (+10% HP) [potion of mutation]
  1849 | D:3      | HP: 2/46 [orc priest/flail (2)]
  1851 | D:3      | Reached XP level 4. HP: 3/39 MP: 0/10
  2210 | D:3      | Found an iron altar of Okawaru.
  2388 | D:3      | Reached XP level 5. HP: 45/45 MP: 9/11
  2451 | D:3      | Noticed dengdeng's ghost (amateur MiBe)
  2490 | D:3      | Killed dengdeng's ghost
  2490 | D:3      | Reached skill level 1 in Poison Magic
  3037 | D:4      | Reached XP level 6. HP: 54/55 MP: 11/13
  3299 | D:4      | Got a crystal dagger
  3300 | D:4      | Identified the +8 dagger of Unpleasantness {pierce, MR+ Int+4} (You found it on level 4 of the Dungeon)
  3306 | D:4      | Learned a level 4 spell: Ice Form
  3339 | D:4      | Found a staircase to the Ecumenical Temple.
  3505 | D:4      | Got an opalescent robe
  3516 | D:4      | Identified the +2 robe of Nuis Womn {rF+ Str-3 Dex+6} (You found it on level 4 of the Dungeon)
  4177 | D:4      | Noticed Robin
  4188 | D:4      | Reached XP level 7. HP: 47/62 MP: 11/14
  4195 | D:4      | Killed Robin
  4304 | D:5      | Entered Level 5 of the Dungeon
  4508 | D:5      | Reached skill level 1 in Ice Magic
  4629 | D:5      | Noticed a hungry ghost
  4635 | D:5      | Killed a hungry ghost
  4774 | D:5      | Reached skill level 1 in Short Blades
  5161 | D:6      | Reached XP level 8. HP: 72/72 MP: 16/16
  5481 | D:6      | Found a radiant altar of Vehumet.
  5736 | D:7      | Found an iron altar of Okawaru.
  6058 | D:7      | Found a radiant altar of Vehumet.
  6097 | D:7      | Found a transporter.
  6123 | D:7      | Learned a level 5 spell: Blade Hands
  6127 | D:7      | Found a transporter.
  6127 | D:7      | Found a transporter.
  6127 | D:7      | Found a transporter.
  6127 | D:7      | Found a transporter.
  6128 | D:7      | Found a transporter.
  6146 | D:7      | Reached skill level 5 in Unarmed Combat
  6155 | D:7      | Reached XP level 9. HP: 77/79 MP: 14/18
  6163 | D:7      | Reached skill level 1 in Evocations
  6230 | D:7      | Got a bound lead ring
  6252 | D:7      | Identified the ring of Discretion {Fire Str+5 Dex-3} (You found it on level 7 of the Dungeon)
  6406 | D:7      | Found a basalt altar of Yredelemnul.
  6460 | D:7      | Got a twitching glass ring
  6469 | D:7      | Identified the ring "Verghieh" {*Contam +Inv rPois rF+} (You found it on level 7 of the Dungeon)
  6589 | D:8      | Found a staircase to the Lair.
  6598 | D:8      | Reached skill level 5 in Dodging
  7209 | D:8      | Reached skill level 5 in Fighting
  7305 | D:8      | Reached skill level 5 in Transmutations
  7593 | D:8      | Reached XP level 10. HP: 89/89 MP: 16/21
  7888 | D:8      | Found a shadowy altar of Dithmenos.
  7908 | D:8      | Found an ancient bone altar of Kikubaaqudgha.
  7911 | D:8      | Found a bloodstained altar of Trog.
  7914 | D:8      | Found a shimmering altar of Xom.
  8020 | D:8      | Learned a level 3 spell: Ozocubu's Armour
  8038 | D:8      | Noticed Erica
  8042 | D:8      | Killed Erica
  8042 | D:8      | Reached skill level 5 in Spellcasting
  8215 | Lair:1   | Entered Level 1 of the Lair of Beasts
  8856 | Lair:1   | Reached skill level 5 in Poison Magic
  8916 | Lair:1   | Found a dark tunnel.
  8932 | Lair:1   | Reached skill level 1 in Charms
  8946 | Lair:1   | Learned a level 4 spell: Throw Icicle
  9092 | Lair:1   | Noticed a black mamba
  9099 | Lair:1   | Killed a black mamba
  9215 | Lair:1   | Reached skill level 1 in Conjurations
  9287 | Lair:1   | Reached XP level 11. HP: 49/97 MP: 7/23
  9545 | Lair:1   | Learned a level 4 spell: Summon Ice Beast
 11088 | Lair:2   | Noticed Harold
 11108 | Lair:2   | Killed Harold
 11108 | Lair:2   | Reached skill level 1 in Summonings
 11500 | Lair:3   | Found a hole to the Spider Nest.
 11664 | Lair:3   | Noticed Nergalle
 11680 | Lair:3   | Killed Nergalle
 11792 | Lair:3   | Noticed a swamp dragon
 11844 | Lair:3   | Found a staircase to the Swamp.
 11851 | Lair:3   | Killed a swamp dragon
 12303 | Lair:3   | Noticed an eight-headed hydra
 12317 | Lair:3   | Killed an eight-headed hydra
 12738 | Lair:3   | You fall through a shaft!
 13160 | Lair:4   | You fall through a shaft for 2 floors!
 13160 | Lair:6   | Entered Level 6 of the Lair of Beasts
 13208 | Lair:6   | Reached skill level 5 in Stealth
 13208 | Lair:6   | Reached XP level 12. HP: 17/106 MP: 13/25
 13210 | Lair:6   | HP: 1/127 [yak (8)]
 13217 | Lair:6   | Mangled by a yak

Skill      XL: |  1  2  3  4  5  6  7  8  9 10 11 12 |
---------------+-------------------------------------+-----
Fighting       | 1 2 3 4 5 6 |  6.7
Dodging        | 2 3 4 5 6 7 |  7.0
Spellcasting   | 2 3 4 5 6 |  6.3
Unarmed Combat | 3 4 5 6 7 |  7.2
Stealth        | 1 2 3 4 5 |  5.0
Transmutations | 2 3 4 5 6 |  6.7
Poison Magic   | 1 2 3 4 5 |  5.0
Ice Magic      | 1 2 3 4 |  4.9
Short Blades   | 1 2 3 4 |  4.0
Evocations     | 2 3 |  3.6
Charms         | 1 2 |  2.4
Conjurations   | 1 3 |  3.2
Summonings     | 1 2 |  2.0

Action                   |  1- 3 |  4- 6 |  7- 9 | 10-12 || total
-------------------------+-------+-------+-------+-------++-------
Melee: Unarmed           |   170 |   127 |   156 |   259 ||   712
       Kick              |    18 |    13 |    31 |     3 ||    65
       Punch             |     1 |     4 |     2 |     3 ||    10
       Headbutt          |     4 |    10 |    13 |       ||    27
       Dagger            |       |    42 |   151 |    57 ||   250
 Cast: Beastly Appendage |    31 |    21 |    21 |     2 ||    75
       Sticks to Snakes  |     2 |     5 |     4 |     1 ||    12
       Spider Form       |     2 |     3 |     2 |       ||     7
       Ice Form          |       |       |     9 |    24 ||    33
       Ozocubu's Armour  |       |       |       |    24 ||    24
       Blade Hands       |       |       |       |     2 ||     2
       Throw Icicle      |       |       |       |    14 ||    14
       Summon Ice Beast  |       |       |       |    11 ||    11
  Use: Scroll            |     7 |     6 |     4 |    10 ||    27
       Potion            |     7 |     1 |     5 |    10 ||    23
 Stab: Sleeping          |     1 |     4 |     7 |     7 ||    19
       Distracted        |       |       |       |     1 ||     1
  Eat: Chunk             |     4 |     9 |    14 |     9 ||    36
       Ration            |       |       |       |     6 ||     6
Armor: Robe              |    42 |    43 |    21 |     7 ||   113
       Skin              |     9 |    14 |    44 |    68 ||   135
Dodge: Dodged            |   121 |   197 |   261 |   219 ||   798
